AoeStats
← kolemy

Black Forest

503183751Analyzed
3v3 RM · 1mo ago on Aug 30, 2026· 78m 19s· 6 players
Game mode
Random Map
Map size
Normal (6 player)
Population
200
Speed
Normal
Resources
Standard
Victory
Conquest
Starting age
Dark Age
Ending age
Imperial Age
RankedLock teamsTeams togetherTeam positionsShared explorationLock speedFull tech treeHidden civsTurbo modeCheats
Victory
Defeat
🇺🇸 Khitans · United States
705
+7
🇮🇩 Byzantines · Indonesia
660
+8
🇬🇹 Vietnamese · Guatemala
590
+11
🇨🇱 Inca · Chile
498
-9
🇩🇪 Slavs · Germany
486
-9
🇫🇷 Byzantines · France
443
-7
Terric
1:48 Loom
11:36 Feudal Age
12:02 Double-Bit Axe
12:01 Horse Collar
15:06 Stone Mining
20:45 Castle Age
18:58 Gold Mining
19:51 Fletching
21:48 Heavy Plow
22:00 Bow Saw
21:57 Bodkin Arrow
22:40 Gold Shaft Mining
25:06 Forging
30:41 Fortified Wall
30:27 Murder Holes
33:22 Imperial Age
31:31 Wheelbarrow
30:43 Town Watch
31:00 Murder Holes
31:48 Detinets
35:46 Two-Man Saw
35:37 Conscription
36:31 Chemistry
36:32 Crop Rotation
37:47 Hoardings
36:36 Pikeman
37:16 Squires
italian13720
12:30 Feudal Age
13:50 Wheelbarrow
13:08 Double-Bit Axe
15:58 Horse Collar
19:03 Gold Mining
19:03 Stone Mining
22:11 Castle Age
23:07 Hand Cart
23:08 Bow Saw
23:02 Heavy Plow
24:30 Stone Shaft Mining
24:34 Gold Shaft Mining
27:44 Caravan
31:33 Fervor
35:20 Imperial Age
33:04 Treadmill Crane
33:20 Murder Holes
37:10 Two-Man Saw
36:44 Crop Rotation
38:41 Conscription
37:43 Elite Cataphract
38:34 Logistica
38:34 Heavy Camel Rider
43:54 Forging
43:50 Scale Barding Armor
43:54 Elite Skirmisher
46:33 Chain Barding Armor
46:17 Padded Archer Armor
46:11 Fletching
48:15 Plate Barding Armor
49:31 Chemistry
48:52 Ballistics
76:15 Pikeman
ErmoAlan
12:52 Feudal Age
14:47 Double-Bit Axe
16:26 Horse Collar
17:36 Gold Mining
17:46 Champi Runner
20:09 Loom
21:28 Forging
21:15 Fletching
21:45 Stone Mining
25:57 Castle Age
25:12 Arson
27:16 Caravan
29:36 Wheelbarrow
33:22 Imperial Age
33:28 Imperial Age
31:43 Bow Saw
32:19 Heavy Plow
33:22 Hand Cart
32:57 Loom
33:55 Iron Casting
33:13 Fletching
33:24 Padded Archer Armor
33:25 Scale Mail Armor
34:36 Coinage
34:58 Gold Shaft Mining
35:28 Stone Shaft Mining
35:35 Crop Rotation
37:43 Fishing Lines
37:31 Champi Warrior
39:16 Blast Furnace
38:34 Leather Archer Armor
38:14 Bodkin Arrow
38:36 Chain Mail Armor
37:55 Elite Kamayuk
40:22 Banking
40:08 Guilds
39:50 Elite Champi Warrior
41:25 Capped Ram
42:28 Andean Sling
42:24 Pikeman
43:05 Squires
43:40 Ring Archer Armor
43:24 Bracer
44:38 Crossbowman
45:24 Thumb Ring
47:38 Plate Mail Armor
47:25 Onager
50:27 Chemistry
49:48 Ballistics
49:20 Heated Shot
55:05 Halberdier
57:18 Heavy Scorpion
JustintimeHi
13:39 Feudal Age
14:49 Loom
19:39 Castle Age
20:33 Wheelbarrow
19:47 Double-Bit Axe
20:27 Stone Mining
20:33 Gold Mining
24:47 Hand Cart
26:23 Domestication
27:08 Bow Saw
30:41 Stone Shaft Mining
30:14 Pastoralism
34:56 Imperial Age
32:16 Town Watch
33:04 Town Patrol
33:03 Fletching
33:36 Forging
33:27 Scale Mail Armor
33:32 Scale Barding Armor
35:09 Lamellar Armor
37:40 Chain Mail Armor
37:03 Capped Ram
37:54 Heavy Cavalry Archer
38:59 Parthian Tactics
39:02 Fortified Wall
38:59 Siege Engineers
39:07 Fortified Wall
38:54 Murder Holes
39:12 Masonry
40:08 Chemistry
39:34 Ballistics
40:06 Transhumance
39:41 Pikeman
40:22 Squires
41:53 Plate Mail Armor
41:59 Iron Casting
43:40 Scale Barding Armor
43:31 Bodkin Arrow
45:45 Chain Barding Armor
46:13 Crossbowman
46:58 Thumb Ring
47:49 Thumb Ring
54:23 Elite Fire Lancer
56:32 Plate Barding Armor
56:06 Bracer
56:06 Padded Archer Armor
58:32 Coinage
60:49 Elite Skirmisher
63:27 Leather Archer Armor
76:03 Imperial Skirmisher
77:32 Siege Ram
kolemy
0:46 Loom
16:15 Feudal Age
16:41 Horse Collar
16:52 Double-Bit Axe
17:49 Wheelbarrow
17:08 Fishing Lines
25:35 Town Watch
28:16 Castle Age
28:13 Gold Mining
28:14 Stone Mining
29:38 Bow Saw
30:11 Heavy Plow
30:11 Gillnets
31:19 Caravan
31:46 Treadmill Crane
32:03 Murder Holes
32:19 Fortified Wall
35:28 Fletching
35:59 Hand Cart
35:45 Town Patrol
38:16 Imperial Age
38:49 Chatras
39:39 Ballistics
39:11 Guard Tower
41:11 Chemistry
40:14 Bodkin Arrow
40:23 Light Cavalry
41:14 Bloodlines
41:05 Husbandry
40:26 Elite Battle Elephant
41:09 Onager
42:02 Bracer
41:26 Crossbowman
42:18 Siege Engineers
43:23 Two-Man Saw
42:58 Crop Rotation
43:06 Coinage
42:57 Guilds
46:14 Stone Shaft Mining
49:15 Arbalester
49:16 Elite Skirmisher
56:21 Imperial Skirmisher
64:13 Bombard Tower
63:39 Arrowslits
64:29 Keep
64:03 Padded Archer Armor
64:04 Scale Mail Armor
64:09 Scale Barding Armor
64:16 Forging
Sigit4n
11:02 Feudal Age
9:18 Loom
12:57 Wheelbarrow
12:10 Double-Bit Axe
23:55 Castle Age
22:43 Horse Collar
23:47 Stone Mining
23:50 Gold Mining
24:53 Bow Saw
25:20 Heavy Plow
30:59 Hand Cart
34:58 Imperial Age
35:59 Stone Shaft Mining
36:03 Gold Shaft Mining
38:26 Two-Man Saw
40:45 Forging
40:37 Scale Mail Armor
41:19 Coinage
40:50 Caravan
42:43 Crop Rotation
41:51 Pikeman
42:32 Squires
42:18 Arson
45:48 Halberdier
52:03 Heavy Camel Rider
53:44 Scale Barding Armor
54:15 Iron Casting
53:56 Chain Mail Armor
54:13 Banking
53:54 Guilds
55:01 Chain Barding Armor
56:10 Light Cavalry
56:59 Husbandry
63:36 Hussar
65:15 Plate Barding Armor
65:11 Plate Mail Armor
64:33 Fletching
64:44 Padded Archer Armor
Connection lost

Rejoining the realm…

Still unreachable

The connection could not be restored.

Session expired

The server has moved on; the page needs a fresh start.